 Dungeon Crawl Stone Soup version 0.23.0 (webtiles) character file.

Game seed: 808466429515709152

80 Truthflux the Gusty (level 4, -3/33 HPs)
             Began as a Draconian Air Elementalist on Feb 11, 2019.
             Was an Initiate of Qazlal.
             Killed from afar by Natasha (4 damage)
             ... with a magic dart
             ... on level 3 of the Dungeon.
             The game lasted 00:16:28 (2399 turns).

Truthflux the Gusty (Draconian Air Elementalist)    Turns: 2399, Time: 00:16:29

Health: -3/33      AC:  5    Str: 10    XL:     4   Next: 18%
Magic:  8/17       EV: 12    Int: 17    God:    Qazlal [......]
Gold:   161        SH:  0    Dex: 11    Spells: 6/9 levels left

rFire    + . .     SeeInvis .   h - +0 dagger
rCold    + . .     Gourm    .   (no shield)
rNeg     . . .     Faith    .   (armour unavailable)
rPois    .         Spirit   .   (helmet restricted)
rElec    .         Reflect  .   e - scarf {rC+ rF+}
rCorr    .         Harm     .   (no gloves)
MR       .....                  (no boots)
Stlth    ++........             (no amulet)
HPRegen  0.11/turn              j - ring of magical power
MPRegen  0.15/turn              (no ring)

@: slowed, very slow
A: unfitting armour, cold-blooded, AC +5
a: Renounce Religion


You were on level 3 of the Dungeon.
You worshipped Qazlal.
Qazlal was noncommittal.
You were not hungry.

You visited 1 branch of the dungeon, and saw 4 of its levels.

You collected 161 gold pieces.

Inventory:

Hand Weapons
 g - a +0 short sword
 h - a +0 dagger (weapon)
Armour
 e - a scarf of resistance (worn)
Jewellery
 j - a ring of magical power (left hand)
Scrolls
 a - a scroll of immolation {unknown}
 c - 4 scrolls of remove curse
 d - a scroll of identify {unknown}
 i - a scroll of fog {unknown}
 k - 2 scrolls of teleportation
 p - a scroll of fear {unknown}
 r - 5 scrolls of enchant armour {unknown}
Potions
 f - a potion of heal wounds {unknown}
 l - a potion of agility {unknown}
 m - a potion of curing {unknown}
 n - a potion of mutation {unknown}
 o - a potion of flight {unknown}
 q - a potion of haste {unknown}
Comestibles
 b - 7 rations
 s - 2 chunks of flesh


   Skills:
 + Level 2.0 Dodging
 + Level 1.9 Stealth
 + Level 3.0 Spellcasting
 + Level 1.7 Conjurations
 + Level 3.7 Air Magic


You had 6 spell levels left.
You knew the following spells:

 Your Spells              Type           Power        Failure   Level  Hunger
a - Shock                 Conj/Air       ##..         5%          1    None
b - Swiftness             Chrm/Air       #.......     12%         2    ##.....

Your spell library contained the following spells:

 Spells                   Type           Power        Failure   Level  Hunger
 Static Discharge         Conj/Air       ##......     17%         3    ###....
 Airstrike                Air            ###.......   36%         4    ####...
 Lightning Bolt           Conj/Air       ##........   83%         5    ######.


Dungeon Overview and Level Annotations

Branches:
Dungeon (4/15)
 Temple: D:4-7

Altars:
Cheibriados
Dithmenos
Gozag
Okawaru
Qazlal
Uskayaw
Wu Jian
Xom
The Shining One

Annotations:
D:3 Natasha


Innate Abilities, Weirdness & Mutations

Your plain brown scales are hard. (AC +5)
You cannot fit into any form of body armour.
You are cold-blooded and may be slowed by cold attacks.


Message History

* * * LOW HITPOINT WARNING * * *
Natasha misses you.
Casting: Shock (safe; 5% risk of failure)
Confirm with . or Enter, or press ? or * to list all spells.
Aiming: Shock (safe; 5% risk of failure)
Press: ? - help, Shift-Dir - straight line, f/p - Natasha
Aim: Natasha (almost dead)
The zap misses Natasha.
The phantom blinks!
Natasha claws you.
* * * LOW HITPOINT WARNING * * *
Casting: Shock (safe; 5% risk of failure)
Confirm with . or Enter, or press ? or * to list all spells.
Aiming: Shock (safe; 5% risk of failure)
Press: ? - help, Shift-Dir - straight line, f/p - Natasha
Aim: Natasha (almost dead)
The zap misses Natasha.
Natasha growls.
Natasha barely misses you. Natasha casts a spell at you.
The magic dart hits you.
You die...

....... #..... ###
#....... #..... ..
w##....... ....
..##..........
#...
.W............
..#...##..........
#.#...... #.......
#### #@....#
#....... #.##...
#h###.# #.>g.
.....#.###.# #....
..........†# .
#.... #
.......##.# ...
####.
..##..##..#)###..#
#.
#...........>....#
##....
.............#.##
##.....
#.#.#..#†...#...#
#......


You could see a phantom and Natasha.

Vanquished Creatures
  3 adders (D:2)
  2 dart slugs
  2 leopard geckos
  2 giant cockroaches
  6 goblins
  9 hobgoblins
  4 kobolds (D:1)
  A ball python (D:2)
  7 bats
  6 frilled lizards
  6 rats
48 creatures vanquished.

Notes
Turn   | Place    | Note
-------+----------+-------------------------------------------
     0 | D:1      | Truthflux the Draconian Air Elementalist began the quest
                  | for the Orb.
     0 | D:1      | Reached XP level 1. HP: 14/14 MP: 3/3
   300 | D:1      | Reached XP level 2. HP: 14/20 MP: 0/5
  1174 | D:2      | Found a snail-covered altar of Cheibriados.
  1179 | D:2      | Reached XP level 3. HP: 26/26 MP: 6/6
  1197 | D:2      | Found an opulent altar of Gozag.
  1278 | D:2      | Learned a level 2 spell: Swiftness
  1379 | D:2      | Found a shimmering altar of Xom.
  1380 | D:2      | Found a hide-covered altar of Uskayaw.
  1382 | D:2      | Found an ornate altar of the Wu Jian Council.
  1705 | D:2      | Found a glowing golden altar of the Shining One.
  1719 | D:2      | Reached XP level 4. HP: 33/33 MP: 8/8
  1919 | D:3      | Found a shadowy altar of Dithmenos.
  1929 | D:3      | Found an opulent altar of Gozag.
  1930 | D:3      | Found an iron altar of Okawaru.
  1930 | D:3      | Found a stormy altar of Qazlal.
  1943 | D:3      | Became a worshipper of Qazlal Stormbringer
  1968 | D:3      | Noticed Natasha
  2395 | D:3      | Noticed a phantom
  2398 | D:3      | HP: 1/33 [Natasha (4)]
  2399 | D:3      | Killed from afar by Natasha

Skill      XL: |  1  2  3 |
---------------+----------+-----
Dodging        | 2 |  2.0
Spellcasting   | 3 |  3.0
Stealth        | |  1.9
Conjurations   | |  1.7
Air Magic      | |  3.7

Action                   |  1- 3 |  4- 6 || total
-------------------------+-------+-------++-------
Melee: Unarmed           |    14 |       ||    14
       Tailslap          |     2 |       ||     2
       Dagger            |     6 |       ||     6
 Cast: Shock             |    76 |    36 ||   112
       Swiftness         |       |     1 ||     1
  Use: Scroll            |       |     2 ||     2
  Eat: Chunk             |     3 |     2 ||     5
Armor: Skin              |    16 |     5 ||    21
Dodge: Dodged            |    32 |     7 ||    39
